AoeStats
← :)

Black Forest

507154531Analyzed
4v4 RM · 16d ago on Sep 16, 2026· 38m 26s· 8 players
Game mode
Random Map
Map size
Large (8 player)
Population
200
Speed
Normal
Resources
Standard
Victory
Conquest
Starting age
Dark Age
Ending age
Imperial Age
RankedLock teamsTeams togetherTeam positionsShared explorationLock speedFull tech treeHidden civsTurbo modeCheats
Victory
Defeat
🇹🇼 Portuguese · Taiwan
1402
+14
🇦🇷 Khmer · Argentina
1400
+14
🇺🇸 Spanish · United States
1359
+15
🇺🇸 Japanese · United States
1318
+17
1367
-16
🇩🇪 Persians · Germany
1354
-15
🇵🇹 Chinese · Portugal
1346
-15
🇧🇦 Khmer · Bosnia & Herzegovina
1327
-14
Cronik
10:30 Feudal Age
13:59 Castle Age
12:42 Double-Bit Axe
18:47 Horse Collar
20:59 Heavy Plow
21:59 Wheelbarrow
25:25 Bow Saw
26:18 Loom
29:33 Imperial Age
27:07 Gold Mining
28:19 Hand Cart
28:30 Scale Barding Armor
28:35 Forging
29:54 Gold Shaft Mining
29:10 Stone Mining
30:19 Chain Barding Armor
30:52 Iron Casting
31:32 Two-Man Saw
31:09 Husbandry
31:19 Bloodlines
32:20 Crop Rotation
32:27 Plate Barding Armor
32:00 Town Watch
33:03 Caravan
34:04 Blast Furnace
33:04 Elite War Elephant
34:25 Conscription
36:21 Masonry
37:18 Chemistry
36:40 Onager
Fu
0:27 Loom
12:55 Feudal Age
13:30 Double-Bit Axe
20:05 Castle Age
18:40 Horse Collar
19:09 Fletching
21:19 Bow Saw
21:34 Bodkin Arrow
27:33 Padded Archer Armor
28:51 Wheelbarrow
28:51 Ballistics
31:05 Heavy Plow
35:51 Imperial Age
34:53 Leather Archer Armor
34:36 Stone Mining
34:39 Gold Mining
36:32 Hand Cart
36:32 Masonry
38:04 Conscription
38:18 Elite Chu Ko Nu
SCURR.Welt-PAD-THAI-SITTICH
10:25 Loom
14:53 Feudal Age
21:39 Castle Age
31:46 Wheelbarrow
1godi
9:54 Feudal Age
13:31 Castle Age
11:59 Double-Bit Axe
14:53 Bow Saw
16:09 Horse Collar
19:23 Light Cavalry
20:06 Loom
21:41 Bloodlines
23:46 Wheelbarrow
23:22 Gold Mining
24:34 Stone Mining
25:22 Husbandry
29:05 Hand Cart
30:00 Gold Shaft Mining
31:03 Stone Shaft Mining
34:56 Heavy Plow
mikeymazko
1:01 Loom
11:40 Feudal Age
12:11 Double-Bit Axe
18:28 Castle Age
19:21 Bow Saw
24:30 Wheelbarrow
24:00 Horse Collar
29:08 Heavy Plow
30:45 Hand Cart
33:52 Scale Mail Armor
34:02 Forging
36:30 Imperial Age
33:45 Town Watch
34:46 Chain Mail Armor
34:45 Pikeman
35:25 Squires
35:11 Arson
35:11 Gambesons
36:05 Iron Casting
36:42 Halberdier
37:54 Plate Mail Armor
38:26 Blast Furnace
39:04 Inquisition
Hero Unit
3:49 Loom
9:42 Feudal Age
9:50 Man-at-Arms
10:16 Arson
12:28 Double-Bit Axe
16:03 Scale Mail Armor
20:50 Wheelbarrow
20:16 Stone Mining
20:22 Gold Mining
22:40 Castle Age
22:50 Pikeman
23:30 Squires
23:38 Long Swordsman
24:03 Gambesons
24:37 Bow Saw
24:09 Horse Collar
25:37 Wheelbarrow
31:55 Hand Cart
33:07 Chain Mail Armor
33:02 Forging
35:50 Heavy Plow
40:23 Imperial Age
38:38 Gold Shaft Mining
(3A) Lü Bu king
0:56 Loom
11:20 Feudal Age
15:11 Castle Age
13:14 Double-Bit Axe
13:36 Horse Collar
27:55 Wheelbarrow
27:49 Bow Saw
27:55 Heavy Plow
29:01 Stone Mining
29:01 Gold Mining
29:04 Stone Mining
29:51 Bloodlines
30:04 Scale Barding Armor
34:01 Imperial Age
32:04 Hand Cart
32:04 Husbandry
32:48 Chain Barding Armor
32:38 Forging
32:45 Treadmill Crane
34:06 Cavalier
35:58 Chemistry
35:51 Iron Casting
36:08 Conscription
36:46 Plate Barding Armor
39:22 Crop Rotation
:)
7:47 Loom
8:36 Loom
12:08 Feudal Age
15:00 Castle Age
13:31 Double-Bit Axe
13:26 Horse Collar
13:58 Gold Mining
16:22 Bow Saw
21:54 Heavy Plow
22:36 Gold Shaft Mining
22:51 Wheelbarrow
23:52 Stone Mining
25:20 Hand Cart
29:05 Imperial Age
29:54 Fletching
30:05 Padded Archer Armor
30:27 Ballistics
29:58 Capped Ram
31:03 Double Crossbow
31:00 Bodkin Arrow
32:06 Chemistry
30:44 Siege Ram
32:05 Heavy Scorpion
37:26 Siege Engineers
Connection lost

Rejoining the realm…

Still unreachable

The connection could not be restored.

Session expired

The server has moved on; the page needs a fresh start.